 Dungeon Crawl Stone Soup version 0.19.0 (webtiles) character file.

630 TheGoonsmith the Basher (level 7, -7/76 HPs)
             Began as an Ogre Berserker on Nov 15, 2016.
             Was a Priest of Trog.
             Mangled by an ogre
             ... wielding a +0 giant club
              (19 damage)
             ... on level 4 of the Dungeon.
             The game lasted 00:04:32 (4196 turns).

TheGoonsmith the Basher (Ogre Berserker)            Turns: 4196, Time: 00:04:33

Health: -7/76      AC:  3    Str: 23    XL:     7   Next: 48%
Magic:  7/7        EV: 11    Int:  6    God:    Trog [***...]
Gold:   209        SH:  0    Dex: 11    Spells: 0 memorised, 6 levels left

rFire  . . .     SeeInvis .     s - +0 flail
rCold  . . .     Gourm    .     b - +0 animal skin
rNeg   . . .     Faith    .     (no shield)
rPois  .         Spirit   .     x - +0 hat
rElec  .         Reflect  .     (no cloak)
rCorr  .         Harm     .     (gloves unavailable)
MR     .....                    (boots unavailable)
Stlth  +.........               (no amulet)
                                (no ring)
                                (no ring)

@: lethally poisoned (-7 -> -7)
A: unfitting armour, tough skin 1
a: Berserk, Trog's Hand, Burn Spellbooks, Renounce Religion


You were on level 4 of the Dungeon.
You worshipped Trog.
Trog was most pleased with you.
You were not hungry.

You visited 1 branch of the dungeon, and saw 4 of its levels.

You collected 209 gold pieces.

Inventory:

Hand Weapons
 a - a +0 mace
 s - a +0 flail (weapon)
 y - a +0 giant club
Missiles
 r - 3 tomahawks of returning (quivered)
 C - 4 large rocks
 D - 8 tomahawks
Armour
 b - a +0 animal skin (worn)
 x - a +0 hat (worn)
Jewellery
 g - an uncursed ring of protection from cold {unknown}
 l - an uncursed ring of poison resistance {unknown}
 u - an uncursed ring of positive energy {unknown}
Wands
 F - a wand of polymorph (8/24)
Scrolls
 d - a scroll of enchant weapon {unknown}
 f - a scroll of magic mapping {unknown}
 h - a scroll of teleportation {unknown}
 m - a scroll of fog {unknown}
 n - 5 scrolls of identify {unknown}
 q - 2 scrolls of amnesia {unknown}
 t - a scroll of remove curse {unknown}
 w - 2 scrolls of random uselessness {unknown}
 E - a scroll of fear {unknown}
Potions
 e - 2 potions of brilliance {unknown}
 j - 2 potions of magic {unknown}
 k - 2 potions of heal wounds {unknown}
 o - a potion of beneficial mutation {unknown}
 v - 2 potions of flight {unknown}
 z - a potion of invisibility {unknown}
 A - a potion of degeneration {unknown}
 B - a potion of haste {unknown}
 G - 2 potions of lignification {unknown}
Comestibles
 c - 4 bread rations
 i - 3 meat rations
 p - a beef jerky


   Skills:
 + Level 6.4 Fighting
 * Level 8.4 Maces & Flails
 + Level 4.4 Dodging


You had 6 spell levels left.
You didn't know any spells.

Dungeon Overview and Level Annotations

Branches:
Dungeon (4/15)
 Temple: D:4-7

Altars:


Innate Abilities, Weirdness & Mutations

You are too large for most types of armour.
You have tough skin. (AC +1)


Message History

You feel sick. The ogre barely misses you.
You thump the ogre!
The ogre is heavily wounded.
You barely miss the ogre.
The ogre is heavily wounded.
You feel sick. The ogre hits you with a giant club!!
You sock the ogre!
The ogre is severely wounded.
The ogre hits you but does no damage.
You hit the ogre but do no damage.
The ogre is severely wounded.
The ogre hits you with a giant club!!
* * * LOW HITPOINT WARNING * * *
You are too injured to fight recklessly!
You hit the ogre.
The ogre is almost dead.
You barely miss the ogre.
The ogre is almost dead.
You feel sick. The ogre hits you with a giant club!!
You die...

### .. ######### #.
#.......# #. #.......#
#####. #.......# #.....
#.......# ...####.##..
#.......#####+#.........
#......@...##.###.#.###.
######.O...##.....#.# #.
>.................# #.
..(.......†######..# ##
#...........# #).# #.
#...........# ##.###.
##.######...#######.....
#......................
######.....#....#.##.


You could see an ogre.

Vanquished Creatures
  Duvessa (D:4)
  A phantom (D:4)
  An ogre (D:4)
  Dowan (D:4)
  An orc priest (D:3)
  An orc wizard (D:3)
  A worker ant (D:4)
  4 gnolls (D:3)
  8 adders
  2 oozes
  2 worms
  5 dart slugs
  2 leopard geckos
  An orc (D:3)
  2 ball pythons
  9 bats
  6 giant cockroaches
  7 goblins
  10 hobgoblins
  2 jackals (D:2)
  3 quokkas
  A ball python skeleton (D:4)
  5 frilled lizards
  11 kobolds
  A quokka skeleton (D:4)
  11 rats
99 creatures vanquished.

Notes
Turn   | Place    | Note
-------+----------+-------------------------------------------
     0 | D:1      | TheGoonsmith the Ogre Berserker began the quest for the Orb.
     0 | D:1      | Reached XP level 1. HP: 24/24 MP: 1/1
   185 | D:1      | Reached XP level 2. HP: 32/32 MP: 2/2
   415 | D:1      | Reached skill level 5 in Maces & Flails
   544 | D:1      | Reached XP level 3. HP: 36/40 MP: 3/3
  1042 | D:2      | Reached ** piety under Trog
  1247 | D:2      | Reached XP level 4. HP: 42/49 MP: 4/4
  2038 | D:2      | Reached skill level 6 in Maces & Flails
  2196 | D:2      | Reached skill level 5 in Fighting
  2196 | D:2      | Reached XP level 5. HP: 46/57 MP: 5/5
  2906 | D:3      | Reached XP level 6. HP: 26/66 MP: 6/6
  3484 | D:4      | Noticed a phantom
  3500 | D:4      | Killed a phantom
  3500 | D:4      | Reached skill level 7 in Maces & Flails
  3683 | D:4      | Reached *** piety under Trog
  3683 | D:4      | Reached XP level 7. HP: 42/75 MP: 7/7
  4101 | D:4      | Noticed Duvessa
  4101 | D:4      | Noticed Dowan
  4109 | D:4      | Killed Duvessa
  4109 | D:4      | Reached skill level 8 in Maces & Flails
  4115 | D:4      | Killed Dowan
  4196 | D:4      | Mangled by an ogre

Skill      XL: |  1  2  3  4  5  6  7 |
---------------+----------------------+-----
Maces & Flails | 5 6 7 8 |  8.4
Dodging        | 3 4 |  4.4
Fighting       | 5 6 |  6.4

Action                   |  1- 3 |  4- 6 |  7- 9 || total
-------------------------+-------+-------+-------++-------
Melee: Mace              |    94 |   136 |       ||   230
       Flail             |       |    56 |    29 ||    85
Invok: Berserk           |       |     4 |     1 ||     5
       Trog's Hand       |       |     1 |       ||     1
 Stab: Sleeping          |     1 |       |       ||     1
  Eat: Chunk             |     1 |    11 |     4 ||    16
Armor: Animal skin       |    24 |    79 |     6 ||   109
Dodge: Dodged            |    53 |   159 |    13 ||   225
